 Dungeon Crawl Stone Soup version 0.28-a0-697-g47f3eba078 (webtiles) character file.

Game seed: 2373296940002573756

16172 RepHenryClay the Cleaver (level 12, -4/98 HPs)
             Began as a Naga Fighter on Oct 23, 2021.
             Was an Elder of Cheibriados.
             Slain by an orc knight (7 damage)
             ... on level 11 of the Dungeon.
             The game lasted 00:22:31 (13788 turns).

RepHenryClay the Cleaver (Naga Fighter)            Turns: 13788, Time: 00:22:32

Health: -4/98      AC: 17    Str: 38    XL:     12   Next: 34%
Magic:  17/20      EV:  6    Int: 16    God:    Cheibriados [****..]
Gold:   452        SH:  6    Dex: 21    Spells: 11/11 levels left

rFire   + . .      SeeInvis +   f - +9 broad axe of Valuable Assets {holy, Fly rC- Str+6 Int-4}
rCold   x . .      Faith    .   c - +0 buckler
rNeg    . . .      Spirit   .   I - +3 plate armour
rPois   +          Reflect  .   (no helmet)
rElec   .          Harm     .   j - +0 cloak
rCorr   .          Rampage  .   (no gloves)
Will    +....                   (no barding)
Stlth   ..........              r - amulet "Imneag" {Acrobat +Inv}
HPRegen 0.26/turn               e - ring of protection from fire
MPRegen 0.17/turn               (no ring)

@: flying, very slow
A: AC +4, large, see invisible, deformed body, poison resistance, slowness 2,
spit poison 1, naga tail 1
a: Spit Poison, Renounce Religion, Evoke Invisibility, Bend Time, Temporal
Distortion, Slouch


You were on level 11 of the Dungeon.
You worshipped Cheibriados.
Cheibriados was greatly pleased with you.
You visited 4 branches of the dungeon, and saw 14 of its levels.

You collected 774 gold pieces.
You spent 322 gold pieces at shops.

Inventory:

Hand Weapons
 a - a +0 war axe
 f - the +9 broad axe of Valuable Assets (weapon) {holy, Fly rC- Str+6 Int-4}
   (You acquired it on level 3 of the Dungeon)

   It has been blessed by the Shining One to cause great damage to the undead
   and demons.
   Str:       It affects your strength (+6).
   Int:       It affects your intelligence (-4).
   rC:        It makes you vulnerable to cold.
   Fly:       It grants you flight.
 B - a +3 flail of venom
Missiles
 g - 58 poisoned darts (quivered)
 D - 2 atropa-tipped darts
 H - a curare-tipped dart
Armour
 c - a +0 buckler (worn)
 j - a +0 cloak (worn)
 q - a +2 pair of gloves of archery
 I - a +3 plate armour (worn)
Jewellery
 e - a ring of protection from fire (left hand)
 m - a +6 ring of intelligence
 r - the amulet "Imneag" (around neck) {Acrobat +Inv}
   (You found it on level 4 of the Dungeon)

   [amulet of the acrobat]

   It increases your evasion while moving and waiting.
   +Inv:      It lets you turn invisible.
 s - a ring of wizardry
 x - the ring of Untihy {rPois Will- Int+10 Dex-3}
   (You found it on level 6 of the Dungeon)

   [ring of poison resistance]

   Int:       It affects your intelligence (+10).
   Dex:       It affects your dexterity (-3).
   rPois:     It protects you from poison.
   Will:      It decreases your willpower.
 O - an amulet of magic regeneration
Wands
 b - a wand of polymorph (6)
 y - a wand of flame (31)
 E - a wand of paralysis (12)
 G - a wand of iceblast (12)
 N - a wand of acid (13)
 P - a wand of digging (7)
Scrolls
 h - 2 scrolls of brand weapon {unknown}
 i - 2 scrolls of teleportation
 k - a scroll of enchant weapon
 l - 3 scrolls of magic mapping
 n - 2 scrolls of vulnerability
 u - 4 scrolls of noise
 v - a scroll of immolation {unknown}
 w - 3 scrolls of enchant armour {unknown}
 A - a scroll of summoning {unknown}
 Q - a scroll of blinking {unknown}
Potions
 d - 4 potions of might
 o - a potion of haste
 p - 2 potions of brilliance
 z - 2 potions of magic
 C - 2 potions of curing
 F - 2 potions of attraction
 K - 2 potions of invisibility
 L - 2 potions of berserk rage
Miscellaneous
 M - a box of beasts


   Skills:
 - Level 3.6 Fighting
 - Level 12.1 Axes
 + Level 9.0 Armour
 - Level 3.0 Shields
 - Level 10.9 Invocations
 - Level 6.3 Evocations


You had 11 spell levels left.
You didn't know any spells.
Your spell library contained the following spells:

 Spells                   Type           Power      Damage    Failure   Level
 Slow                     Hex            0%         N/A       88%         2
 Confusing Touch          Hex            0%         N/A       98%         3
 Dazzling Flash           Conj/Hex       0%         N/A       98%         3
 Tukima's Dance           Hex            0%         N/A       98%         3
 Hailstorm                Conj/Ice       0%         3d3       100%        4
 Ice Form                 Ice/Tmut       0%         N/A       100%        4
 Iskenderun's Mystic Bla  Conj/Tloc      0%         2d3       100%        4
 Passage of Golubria      Tloc           0%         N/A       100%        4
 Yara's Violent Unravell  Hex/Tmut       0%         3d3       100%        5
 Simulacrum               Ice/Necr       0%         N/A       100%        6
 Starburst                Conj/Fire      0%         6d3       100%        6


Dungeon Overview and Level Annotations

Branches:
Dungeon (11/15)            Temple (1/1) D:6            Lair (1/6) D:9
    Orc (1/2) D:11

Altars:
Ashenzari
Cheibriados
Dithmenos
Elyvilon
Fedhas
Gozag
Hepliaklqana
Kikubaaqudgha
Nemelex Xobeh
Okawaru
Qazlal
Ru
Trog
Vehumet
Wu Jian
Xom
Yredelemnul
Zin
The Shining One
Jiyva

Shops:
D:11 [

Annotations:
D:8 exclusion: ice statue
D:10 3 runed translucent doors, Dittersdorf's ghost, novice GrFi
Orc:1 Erica


Innate Abilities, Weirdness & Mutations

Your serpentine skin is tough. (AC +4)
You have supernaturally acute eyesight. (SInv)
Armour fits poorly on your strangely shaped body.
Your system is resistant to poisons. (rPois)
You cover ground very slowly.
You can spit poison.
You have a snake-like lower body.


Message History

The sixfirhy hits you. The sixfirhy shocks you!
The sixfirhy hits you but does no damage.
You block the orc sorcerer's attack.
The orc knight hits you but does no damage.
Damage: -13%(-12hp) hp: 59%(56hp)
You completely miss the orc sorcerer.
The orc sorcerer is heavily wounded.
You hit the orc knight. You hit the sixfirhy.
The sixfirhy convulses.
The orc sorcerer barely misses you.
The orc knight hits you with a +0 battleaxe.
Damage: -6%(-6hp) hp: 53%(50hp)
You slice the orc sorcerer!!
You kill the orc sorcerer!
Cheibriados thoroughly appreciates the change of pace.
The sixfirhy disappears in a puff of smoke!
You hit the orc knight.
The orc knight hits you with a +0 battleaxe!
* * * LOW HITPOINT WARNING * * *
Your life force feels restored.
Your Armour skill increases to level 9!
Huge Dmg: -14%(-13hp) hp: 38%(37hp)
The flow of time bends around you.
The orc knight resists with some effort.
The orc knight hits you with a +0 battleaxe!
* * * LOW HITPOINT WARNING * * *
Damage: -7%(-7hp) hp: 31%(30hp)
You slash the orc knight!
The orc knight is almost dead.
The orc knight hits you with a +0 battleaxe!
* * * LOW HITPOINT WARNING * * *
Huge Dmg: -14%(-14hp) hp: 17%(16hp)
You hit the orc knight.
The orc knight is almost dead.
The orc knight hits you with a +0 battleaxe!
* * * LOW HITPOINT WARNING * * *
Huge Dmg: -13%(-13hp) hp: 4%(3hp)
You slash the orc knight!
The orc knight is almost dead.
The orc knight hits you with a +0 battleaxe!
You die...

#.............##..^.............#
#.......##....##....##..........#
##.[.....##..........##...........
##.........................##......
.[)[[...........)..........##......
)[[[............###...............>
###.[.[..........................##
#..............)o..............#
#..##[.........@...............#
#..##..........................##
##...............................#
#............).............##....#
#.....##...................##....#
#.....##.........................#
##..........##..........##.........
............##....##....##.........
###...............##.............#.


You could see an orc knight.

Vanquished Creatures
  2 boulder beetles
  5 two-headed ogres
  2 cyclopes
  A centaur zombie (D:10)
  2 manticores (D:11)
  An orc sorcerer (D:11)
  Maurice (D:10)
  2 trolls
  2 hornets (D:9)
  Grinder (D:5)
  Sigmund (D:2)
  A vampire (D:11)
  13 yaks
  6 wyverns (D:9)
  2 wraiths
  4 vampire mosquitoes (D:11)
  2 steam dragons (D:8)
  An acid dragon (D:11)
  5 wargs
  4 water moccasins
  4 orc warriors
  2 ice beasts (D:7)
  A sky beast (D:4)
  An ogre (D:6)
  5 centaurs
  4 kobold brigands
  3 bullfrogs
  5 scorpions
  A wyvern zombie (D:8)
  A water moccasin skeleton (D:5)
  4 wights
  An electric eel (D:10)
  3 howler monkeys
  5 orc priests
  4 hounds
  A jelly (D:4)
  A bullfrog skeleton (D:6)
  11 orc wizards
  4 iguanas
  2 howler monkey zombies
  4 gnolls (D:3)
  7 adders
  A shadow imp (D:7)
  A worm (D:2)
  3 dart slugs
  38 orcs
  An endoplasm (D:3)
  2 giant cockroaches
  4 hobgoblins
  12 jackals
  A quokka (D:1)
  6 ball pythons
  4 bats
  4 frilled lizards
  5 goblins
  18 kobolds
  5 rats
237 creatures vanquished.

Vanquished Creatures (others)
  4 fungi (D:9)
  33 plants
37 creatures vanquished.

Grand Total: 274 creatures vanquished

Notes
Turn   | Place    | Note
-------+----------+-------------------------------------------
     0 | D:1      | RepHenryClay the Naga Fighter began the quest for the Orb.
     0 | D:1      | Reached XP level 1. HP: 21/21 MP: 1/1
   153 | D:1      | Reached XP level 2. HP: 28/28 MP: 2/2
   683 | D:2      | Reached XP level 3. HP: 33/34 MP: 3/3
   909 | D:2      | Reached XP level 4. HP: 21/42 MP: 4/4
  1266 | D:2      | Reached skill level 3 in Axes
  1342 | D:2      | Noticed Sigmund
  1352 | D:2      | Killed Sigmund
  1353 | D:2      | Reached skill level 5 in Axes
  1353 | D:2      | Reached XP level 5. HP: 18/49 MP: 5/5
  1353 | D:2      | Reached XP level 6. HP: 21/56 MP: 6/6
  1957 | D:3      | Found a sacrificial altar of Ru.
  2028 | D:3      | Found a faded altar of an unknown god.
  2061 | D:3      | Identified a scroll of acquirement
  2061 | D:3      | Acquired the +9 broad axe of Valuable Assets {holy, Fly rC-
                  | Str+6 Int-4}
  2634 | D:3      | Reached skill level 6 in Axes
  2871 | D:4      | Reached XP level 7. HP: 62/62 MP: 7/7
  3169 | D:4      | Reached skill level 7 in Axes
  3260 | D:4      | Identified the amulet "Imneag" {Acrobat +Inv}
  3606 | D:5      | Entered Level 5 of the Dungeon
  3609 | D:5      | Noticed Grinder
  3843 | D:6      | Reached skill level 8 in Axes
  3921 | D:6      | Reached XP level 8. HP: 70/70 MP: 8/8
  3945 | D:6      | Found an ornate altar of the Wu Jian Council.
  4029 | D:6      | Found a glowing silver altar of Zin.
  4134 | D:6      | Identified the ring of Untihy {rPois Will- Int+10 Dex-3}
  4261 | D:6      | Reached skill level 9 in Axes
  4780 | D:6      | Found a staircase to the Ecumenical Temple.
  4789 | Temple   | Entered the Ecumenical Temple
  4895 | Temple   | Became a worshipper of Cheibriados the Contemplative
  5073 | D:7      | Found a radiant altar of Vehumet.
  5172 | D:7      | Reached skill level 10 in Axes
  5242 | D:7      | Noticed a cyclops
  5252 | D:7      | Killed a cyclops
  5253 | D:7      | Reached skill level 11 in Axes
  5253 | D:7      | Reached XP level 9. HP: 24/76 MP: 9/9
  5712 | D:7      | Found a faded altar of an unknown god.
  5715 | D:7      | Found a hazy altar of Hepliaklqana.
  6102 | D:8      | Reached * piety under Cheibriados
  6105 | D:8      | Reached skill level 12 in Axes
  6646 | D:8      | Reached skill level 5 in Armour
  6721 | D:8      | Noticed an ice statue
  6946 | D:8      | Reached XP level 10. HP: 84/84 MP: 10/10
  7492 | D:5      | Killed Grinder
  7848 | D:9      | Reached ** piety under Cheibriados
  8434 | D:9      | Found a staircase to the Lair.
  8449 | D:9      | Noticed a cyclops
  8451 | D:9      | Noticed a two-headed ogre
  8623 | D:9      | Reached skill level 1 in Evocations
  8667 | D:9      | Killed a two-headed ogre
  8668 | D:9      | Reached XP level 11. HP: 46/90 MP: 8/11
  9292 | D:9      | Killed a cyclops
  9293 | D:9      | Reached skill level 5 in Evocations
  9596 | D:10     | Entered Level 10 of the Dungeon
  9622 | D:10     | Reached *** piety under Cheibriados
  9852 | D:10     | Noticed a boulder beetle
  9867 | D:10     | Killed a boulder beetle
 10121 | D:10     | Noticed a two-headed ogre
 10127 | D:10     | Killed a two-headed ogre
 10193 | D:10     | Noticed a two-headed ogre
 10202 | D:10     | Killed a two-headed ogre
 10427 | D:10     | Noticed Maurice
 10435 | D:10     | Killed Maurice
 10436 | D:10     | Reached skill level 5 in Invocations
 10871 | D:10     | Found a runed translucent gate.
 10871 | D:10     | Found a runed translucent gate.
 10871 | D:10     | Found a runed translucent gate.
 10876 | D:10     | Noticed Dittersdorf's ghost (novice GrFi)
 10876 | D:10     | Noticed a great orb of eyes
 11129 | D:10     | Reached **** piety under Cheibriados
 11309 | D:10     | Found a viscous altar of Jiyva.
 11387 | D:11     | Noticed a manticore
 11445 | D:11     | Noticed a manticore
 11452 | D:11     | Noticed a two-headed ogre
 11454 | D:11     | HP: 4/90 [manticore (8)]
 11468 | D:11     | HP: 6/135 [vampire mosquito (9)]
 11604 | D:11     | Killed a manticore
 11605 | D:11     | Reached XP level 12. HP: 18/98 MP: 14/18
 12059 | D:11     | Killed a two-headed ogre
 12144 | D:11     | Noticed a boulder beetle
 12155 | D:11     | Killed a boulder beetle
 12156 | D:11     | Reached skill level 10 in Invocations
 12402 | Lair:1   | Entered Level 1 of the Lair of Beasts
 12482 | D:11     | Noticed a two-headed ogre
 12491 | D:11     | Killed a two-headed ogre
 12491 | D:11     | Reached ***** piety under Cheibriados
 12866 | D:11     | Found a staircase to the Orcish Mines.
 13125 | D:11     | Found Futwaut's Armour Boutique.
 13133 | D:11     | Bought a +2 pair of gloves of archery for 322 gold pieces
 13317 | D:11     | Found a snail-covered altar of Cheibriados.
 13775 | Orc:1    | Entered Level 1 of the Orcish Mines
 13775 | Orc:1    | Noticed Erica
 13787 | D:11     | HP: 3/98 [orc knight (13)]
 13788 | D:11     | Slain by an orc knight

Illustrated notes

Levels and vault maps discovered:
D:1:      sevenhm_arrival_forest_fort_small_6, layout_loops_ring
D:2:      layout_rooms, uniq_sigmund
D:3:      layout_rooms, nicolae_ru_path_of_blood,
          hellmonk_ecumenical_altar_run_dry
D:4:      layout_basic, serial_bayou, serial_bayou_crossing,
          serial_bayou_shore_b, serial_bayou_pond_d, serial_bayou_lake_a,
          minivault_14
D:5:      layout_rooms, uniq_grinder
D:6:      lemuel_ice_spiral_2, layout_basic, old_standard_altar,
          general_overflow_altar, temple_hall
D:7:      layout_rooms, beargit_hepliaklqana_dungeon_heroes, lemuel_tele_altar
D:8:      minmay_statue_hallways, layout_gridville, minmay_misc_feat_chi,
          minmay_tree_intersection
D:9:      minmay_inner_zag, layout_irregular_city, minmay_lair_entry_grove
D:10:     layout_long_grid, gammafunk_ghost_ooze, nooodl_orcs_dogs, uniq_maurice
D:11:     layout_layer_cave, erik_orc_4, serial_shops, nicolae_shop_stone,
          cheibriados_altar_1
Temple:   minmay_crystal_spiral_temple
Lair:1:   layout_layer_cave, disabler_island, serial_bayou_shore_a,
          grunt_megastairs_5, uniq_maggie, uniq_urug
Orc:1:    layout_caves, uniq_erica

Skill      XL: |  1  2  3  4  5  6  7  8  9 10 11 12 |
---------------+-------------------------------------+-----
Shields        | 3 |  3.0
Axes           | 5 6 8 11 12 | 12.1
Armour         | 5 8 9 |  9.0
Evocations     | 3 6 |  6.3
Invocations    | 8 10 | 10.9
Fighting       | |  3.6

Action                   |  1- 3 |  4- 6 |  7- 9 | 10-12 || total
-------------------------+-------+-------+-------+-------++-------
Melee: War axe           |    78 |    50 |       |       ||   128
       Broad axe         |       |    16 |   146 |   281 ||   443
Throw: Dart              |       |    11 |     8 |    47 ||    66
Invok: Bend Time         |       |       |       |     3 ||     3
 Abil: Spit Poison       |     9 |    14 |    17 |    12 ||    52
       Evoke Invisibilit |       |       |       |     1 ||     1
Evoke: Wand              |       |       |       |     8 ||     8
  Use: Potion            |       |     4 |       |     6 ||    10
       Scroll            |       |     1 |     5 |    12 ||    18
 Stab: Invisible         |       |       |       |     1 ||     1
       Paralysed         |       |       |       |     6 ||     6
Armor: Scale mail        |    34 |    22 |    43 |       ||    99
       Plate armour      |       |       |     4 |   155 ||   159
       Skin              |       |       |       |    19 ||    19
Dodge: Dodged            |    43 |    26 |    49 |   108 ||   226
Block: Buckler           |    24 |    19 |    27 |    59 ||   129

Table legend: (Time is in decaauts)
 A = Elapsed time spent in this place.
 B = Non-inter-level travel time spent in this place.
 C = Inter-level travel time spent in this place.
 D = Time resting spent in this place.
 E = Time spent auto-exploring this place.
 F = Levels seen in this place.
 G = Mean time per level.
                   A        B        C        D        E       F      G
               +--------+--------+--------+--------+--------+-----+--------+
         Total |  20065 |  18565 |   1500 |   3105 |  13128 |  14 | 1433.2 |
       Dungeon |  19785 |  18410 |   1375 |   3105 |  13000 |  11 | 1798.6 |
        Temple |    269 |    148 |    121 |      0 |    127 |   1 |  269.0 |
          Lair |      5 |      4 |      1 |      0 |      0 |   1 |    5.0 |
  Orcish Mines |      3 |      3 |      0 |      0 |      0 |   1 |    3.0 |
               +--------+--------+--------+--------+--------+-----+--------+

Top non-repeatable levels by time:
    D:11: 3901 daAuts
    D:10: 3013 daAuts
     D:9: 2679 daAuts
     D:8: 1827 daAuts
     D:6: 1514 daAuts
     D:7: 1384 daAuts
     D:2: 1313 daAuts
     D:4: 1227 daAuts
     D:3: 1214 daAuts
     D:1: 877 daAuts
     D:5: 832 daAuts
  Temple: 269 daAuts
  Lair:1: 5 daAuts
   Orc:1: 3 daAuts
